Cogmind - Beta 16 @@@ ROGUE MODE // 2026.01.31 @ 19:41:40 Player: Shay Result: Destroyed by VF-COD(R) with Subdweller Beam Cannon Performance ------------- Evolutions (0) 0 Regions Visited (3) 600 Robots Destroyed (10) 50 Value Destroyed (288) 288 Prototype IDs (1) 20 Alien Tech Used (0) 0 Bonus (0) 0 TOTAL SCORE: 958 Bonus ------- None Cogmind --------- Core Integrity 0/250 Matter 206/300 Energy 100/100 System Corruption 0% Temperature Cool (9) Movement Core (100) Ox1 Location -10/Subcaves Parts ------- > --- POWER (1) -------- (None) > --- PROPULSION (2) --- (None) > --- UTILITY (2) ------ Terrain Scanner Core Shielding > --- WEAPON (2) ------- Rocket Launcher > --- INVENTORY (5) ---- Medium Matter Pod (25) Experimental Sensor Array Light Assault Rifle Grenade Launcher Peak State ------------ > --- POWER ------------ Light Ion Engine > --- PROPULSION ------- Hover Unit Backup Propulsion I > --- UTILITY ---------- Experimental Sensor Array Terrain Scanner > --- WEAPON ----------- Rocket Launcher Mining Laser > --- INVENTORY -------- Light Ion Engine Medium Matter Pod Core Shielding Light Assault Rifle Grenade Launcher [Rating: 16] Favorites ----------- Power Light Ion Engine Engine Light Ion Engine Propulsion Aluminum Leg Leg Aluminum Leg Hover Unit Backup Propulsion I Utility Core Shielding Device Terrain Scanner Protection Core Shielding Weapon Beam Cannon Energy Gun Small Laser Energy Cannon Beam Cannon Ballistic Gun Light Assault Rifle Launcher Rocket Launcher Special Weapon Mining Laser Build | -11 -10 -10 -10 ------- Run | Yrd Mat Min Sub Slots Evolved . | . . . . Power . | . . . . Propulsion . | . . . . Utility . | . . . . Weapon . | . . . . Parts Attached 15 | 6 6 3 . Power 2 | 2 . . . Engine 2 | 2 . . . Core . | . . . . Reactor . | . . . . Propulsion 3 | 2 1 . . Treads . | . . . . Leg 2 | 2 . . . Wheel . | . . . . Hover 1 | . 1 . . Flight . | . . . . Utility 4 | . 3 1 . Device 2 | . 1 1 . Storage . | . . . . Processor . | . . . . Hackware . | . . . . Protection 2 | . 2 . . Artifact . | . . . . Weapon 6 | 2 2 2 . Energy Gun 2 | 2 . . . Energy Cannon 1 | . 1 . . Ballistic Gun 1 | . 1 . . Ballistic Cannon . | . . . . Launcher 1 | . . 1 . Special Weapon 1 | . . 1 . Impact Weapon . | . . . . Slashing Weapon . | . . . . Piercing Weapon . | . . . . Special Melee Weapon . | . . . . Unidentified Prototypes 1 | . . 1 . Parts Lost 5 | . 1 . 4 Power 1 | . . . 1 Propulsion 3 | . 1 . 2 Utility . | . . . . Weapon 1 | . . . 1 Highest Loss Streak 4 | . 1 . 4 To Critical Strikes . | . . . . Average Backups 4 | 2 4 4 5 Power . | . 1 1 . Propulsion 1 | 1 1 . . Utility . | . . 1 2 Weapon 1 | . 1 1 2 Tool/Special . | . . . . Unused Backups 5 | . 2 1 2 Power . | . . . . Propulsion 2 | . 1 1 . Utility 1 | . . . 1 Weapon 2 | . 1 . 1 Tool/Special . | . . . . Average Slot Usage (%) 91 | . 88 100 90 Engine 14 | . 14 14 14 Leg 11 | . 19 . . Hover 11 | . 1 28 28 Device 12 | . 5 25 18 Protection 12 | . 19 2 1 Energy Gun 4 | . 7 . . Energy Cannon 7 | . 10 7 . Ballistic Gun 6 | . 9 4 . Launcher 4 | . . 7 14 Special Weapon 4 | . . 9 14 Peak Build Rating 16 | 5 7 16 16 Average Rating 7 | 4 6 14 9 On Entrance 7 | . 5 7 16 Avg Prop Armor Cover (%) . | . . . . Naked Turns . | . . . . Heaviest Build 10 | 6 9 10 10 Greatest Support 20 | 20 20 12 12 Greatest Overweight (x) 1 | . 1 . . Average Overweight (x) . | . . . . Largest Inventory Capacity 5 | 5 5 5 5 Average Capacity 5 | 5 5 5 5 Most Carried 5 | 5 5 5 5 Average Carried 4 | 2 4 4 4 Final Capacity 5 | 5 5 5 5 Final Carried 5 | 4 5 5 4 Class Distribution -------------------- 100% | Mutant Dominant Class ---------------- Mutant | -10/Materials Mutant | -10/Mines Mutant | -10/Subcaves Resources | -11 -10 -10 -10 ----------- Run | Yrd Mat Min Sub Matter Collected 383 | 269 103 . 11 Remotely . | . . . . Salvage Created 227 | 62 134 . 31 Parts 18 | 2 12 . 4 Haulers Intercepted . | . . . . Recyclers Shooed 1 | . 1 . . Parts Field Recycled . | . . . . Retrieved Matter . | . . . . Parts Self-Destructed . | . . . . Prevented . | . . . . Parts Restored . | . . . . Kills | -11 -10 -10 -10 ------- Run | Yrd Mat Min Sub Combat Hostiles Destroyed 8 | 1 5 . 2 Guns 4 | 1 3 . . Cannons 2 | . 2 . . AOE 2 | . . . 2 Classes Destroyed 5 | 2 2 . 1 Tunneler 1 | 1 . . . Watcher 1 | . 1 . . Swarmer 3 | . 3 . . Grunt 3 | 1 2 . . Subdweller 2 | . . . 2 Best Kill Streak 3 | 1 3 . 2 Combat Bots Only 3 | 1 3 . 2 Max Kills in Single Turn 2 | 1 1 . 2 Gunslinging . | . . . . Exploded 2 | . . . 2 Melee . | . . . . Uniques/NPCs Destroyed . | . . . . Combat | -11 -10 -10 -10 -------- Run | Yrd Mat Min Sub Hostile Shots Fired 47 | 10 25 . 12 Missed 15 | 2 10 . 3 Hits 32 | 8 15 . 9 Projectile 32 | 8 15 . 9 Critical Strikes 1 | . . . 1 Damage Taken 718 | 89 364 1 264 Core 252 | 22 137 . 93 Absorbed by Shields . | . . . . Redirected to Shielding 38 | . 25 . 13 Core Remaining (%) 91 | 91 . . . Volleys Fired 42 | 15 22 . 5 Largest 2 | 2 2 . 1 Hottest 90 | 90 80 . 33 Shots Fired 72 | 30 37 . 5 Gun 52 | 30 22 . . Cannon 15 | . 15 . . Launcher 5 | . . . 5 Special . | . . . . Kinetic 22 | . 22 . . Thermal 45 | 30 15 . . Explosive 5 | . . . 5 Electromagnetic . | . . . . Robot Hit Streak 9 | 5 9 . 1 Robot Miss Streak 5 | 5 3 . 5 Penetration Max . | . . . . Secondary Targets . | . . . . Shots Hit Robots 41 | 15 24 . 2 Core Hits 15 | 3 9 . 3 Critical Kills . | . . . . Critical Parts Destroyed . | . . . . Critical Strikes . | . . . . Melee Attacks . | . . . . Impact . | . . . . Slashing . | . . . . Piercing . | . . . . Sneak Attacks . | . . . . Combat Hostiles . | . . . . Follow-up Attacks . | . . . . Damage Inflicted 1024 | 170 432 2 420 Guns 294 | 170 124 . . Cannons 178 | . 178 . . Explosions 541 | . 121 . 420 Melee . | . . . . Ramming 11 | . 9 2 . Kinetic 124 | . 124 . . Thermal 469 | 170 299 . . Explosive 420 | . . . 420 Electromagnetic . | . . . . Impact . | . . . . Slashing . | . . . . Piercing . | . . . . Highest Corruption . | . . . . Average Corruption . | . . . . Corruption Purged . | . . . . Corruption Blocked . | . . . . Overload Shots . | . . . . Overflow Damage 81 | . 60 . 21 Projectiles . | . . . . Explosions 81 | . 60 . 21 Melee . | . . . . Knockbacks 1 | . 1 . . Impact 1 | . 1 . . Kinetic . | . . . . Secondary . | . . . . Self-Inflicted Damage 304 | . 224 1 79 Shots 5 | . 2 . 3 Rammed 1 | . . 1 . Targets Rammed 3 | . 2 1 . Kicked 2 | . 2 . . Crushed . | . . . . Highest Temperature 258 | 258 210 . . Average Temperature 75 | 80 70 . . Received Heat Transfer 120 | 48 39 . 33 Effects 1 | . 1 . . Interference 1 | . 1 . . Siege Activations . | . . . . Martial Activations . | . . . . Shielding Activations . | . . . . Robots Disrupted . | . . . . Combat Hostiles . | . . . . Robots Corrupted . | . . . . Combat Hostiles . | . . . . Parts Fried . | . . . . Impact Corruptions . | . . . . Robots Melted . | . . . . Combat Hostiles . | . . . . Parts Melted 1 | . 1 . . Heat Transferred 893 | 423 470 . . Parts Sabotaged . | . . . . Parts Stolen . | . . . . Parts Stripped . | . . . . Power Chain Reactions . | . . . . Alert | -11 -10 -10 -10 ------- Run | Yrd Mat Min Sub Maximum Alert Level . | . . . . Low Security (%) 100 | 100 100 100 . Level 1 . | . . . . Level 2 . | . . . . Level 3 . | . . . . Level 4 . | . . . . Level 5 . | . . . . High Security . | . . . . Max Security . | . . . . Peak Influence 188 | 20 188 48 . Initial 48 | . . 48 . Average 50 | 2 88 25 . Influence Increases 311 | 25 256 30 . Destroy 0b10 Robot/C 120 | 20 100 . . Destroy 0b10 Robot/NC 10 | 5 5 . . Destroy Leader 22 | . 22 . . Successful Hack 12 | . 12 . . Disable Machine 60 | . 60 . . Destroy Structure 27 | . 27 . . Lose Combat Pursuer 60 | . 30 30 . Influence Decreases 311 | 25 130 126 30 Entered New Map 94 | . . 78 16 Time Decay 199 | 25 120 40 14 Lost Part 10 | . 10 . . Lost Ally 8 | . . 8 . Squads Dispatched . | . . . . Investigation . | . . . . Extermination . | . . . . Reinforcement . | . . . . Assault . | . . . . Garrison . | . . . . Intercept . | . . . . Searches Triggered . | . . . . Construction Impeded . | . . . . Haulers Reinforced . | . . . . Active Scanning Responses . | . . . . Cargo Convoy Interrupts . | . . . . Stealth | -11 -10 -10 -10 --------- Run | Yrd Mat Min Sub Distress Signals . | . . . . Communications Jammed . | . . . . Distress Signals . | . . . . Times Spotted 15 | 1 9 . 5 Peak Tracking Total 4 | 1 4 2 4 Tactical Retreats 2 | . 1 1 . Traps | -11 -10 -10 -10 ------- Run | Yrd Mat Min Sub Traps Triggered . | . . . . Indirectly . | . . . . Trap Hack Attempts . | . . . . Triggered . | . . . . Disarmed . | . . . . Reprogrammed . | . . . . Reused . | . . . . Traps Extracted . | . . . . Installed . | . . . . Triggered . | . . . . Machines | -11 -10 -10 -10 ---------- Run | Yrd Mat Min Sub Machines Disabled 5 | . 5 . . Max in Single Turn 4 | . 4 . . Machines Repaired . | . . . . Machines Dismantled . | . . . . Machines Sabotaged . | . . . . Overloaded Fab Kills . | . . . . Hacking | -11 -10 -10 -10 --------- Run | Yrd Mat Min Sub Machines Accessed 5 | . 5 . . Terminals 3 | . 3 . . Fabricators . | . . . . Repair Stations 1 | . 1 . . Recycling Units 1 | . 1 . . Scanalyzers . | . . . . Garrison Access . | . . . . Total Hacks 9 | . 9 . . Successful 6 | . 6 . . Failed 3 | . 3 . . Catastrophic 1 | . 1 . . Database Lockouts . | . . . . Manual . | . . . . Terminals 5 | . 5 . . Fabricators . | . . . . Repair Stations 3 | . 3 . . Recycling Units 1 | . 1 . . Scanalyzers . | . . . . Garrison Access . | . . . . Terminal Hacks 4 | . 4 . . Record 3 | . 3 . . Locate Traps 1 | . 1 . . Fabricator Hacks . | . . . . Repair Station Hacks 2 | . 2 . . Scan Component 1 | . 1 . . Refit 1 | . 1 . . Recycling Unit Hacks . | . . . . Scanalyzer . | . . . . Garrison Access Hacks . | . . . . Unauthorized Hacks . | . . . . Terminals . | . . . . Fabricators . | . . . . Repair Stations . | . . . . Recycling Units . | . . . . Scanalyzers . | . . . . Garrison Access . | . . . . Data Cores Recovered . | . . . . Used . | . . . . Hacking Detections 3 | . 3 . . Full Trace Events . | . . . . Feedback Events . | . . . . Feedback Blocked . | . . . . Robot Schematics Acquired . | . . . . Robots Built . | . . . . Authchips . | . . . . Time . | . . . . Total Robot Build Rating . | . . . . Part Schematics Acquired . | . . . . Parts Built . | . . . . Authchips . | . . . . Time . | . . . . Total Part Build Rating . | . . . . Part Studies Acquired . | . . . . Parts Repaired . | . . . . Time . | . . . . Parts Recycled . | . . . . Recycled Matter . | . . . . Retrieved Matter . | . . . . Retrieved Components . | . . . . Parts Scanalyzed . | . . . . Part Schematics Acquired . | . . . . Parts Damaged . | . . . . Bothacking | -11 -10 -10 -10 ------------ Run | Yrd Mat Min Sub Used RIF Installer . | . . . . Robots Hacked . | . . . . Non-combat . | . . . . Combat . | . . . . Robot Hacks Applied . | . . . . Relay Couplers Released . | . . . . Fabnet Peak Effective % . | . . . . Robots Rewired . | . . . . Allies Hacked . | . . . . Hacks Repelled . | . . . . Allies | -11 -10 -10 -10 -------- Run | Yrd Mat Min Sub Total Allies 1 | . . 1 . Largest Group 1 | . . 1 . Highest-Rated Group 31 | . . 31 . Highest-Rated Ally 31 | . . 31 . Total Orders . | . . . . Ally Attacks 1 | . . 1 . Total Damage 22 | . . 22 . Kills . | . . . . Allies Corrupted . | . . . . Allies Melted . | . . . . Intel | -11 -10 -10 -10 ------- Run | Yrd Mat Min Sub Active Infowar (turns) 380 | . 147 116 117 Sensors 127 | . . 100 27 Terrain 380 | . 147 116 117 Robot Analysis Total . | . . . . Derelict Logs Recovered 1 | . . 1 . Drone Launches . | . . . . Drone Recoveries . | . . . . Exploration | -11 -10 -10 -10 ------------- Run | Yrd Mat Min Sub Turns Passed 834 | 230 371 116 117 Spaces Moved 638 | 152 249 137 100 Core 24 | 24 . . . Treads . | . . . . Legs 360 | 128 232 . . Wheels . | . . . . Hover 254 | . 17 137 100 Flight . | . . . . Fastest Speed 50 | 50 66 66 66 Average Speed 96 | 108 117 66 66 Slowest Speed 170 | 120 170 66 66 Overloaded Moves . | . . . . Propulsion Burnouts . | . . . . Robots Hopped . | . . . . Potential Cave-ins . | . . . . Cave-ins Triggered . | . . . . Exploration Rate (%) 23 | 10 41 37 4 Regions Visited 3 Branch Regions 2 Pre-discovered Areas 1 | . . 1 . Known Exits Taken . | . . . . Unknown Exits Taken 3 | 1 1 1 . Scrap Searched . | . . . . Spaces Dug . | . . . . Terrain Destroyed 71 | . 28 . 43 Melee . | . . . . Projectile . | . . . . AOE 71 | . 28 . 43 Terrain Rammed . | . . . . Walls Destroyed . | . . . . Machines Disabled . | . . . . Actions | -11 -10 -10 -10 --------- Run | Yrd Mat Min Sub Total 791 | 186 293 163 149 Wait 61 | . 5 17 39 Move 635 | 151 248 136 100 Hop . | . . . . Pick Up 14 | 9 4 1 . Fast Attach 6 | . 4 2 . Attach 11 | 7 2 1 1 Detach 6 | 2 1 2 1 Swap 3 | 2 . . 1 Drop 10 | . 5 3 2 Fire 42 | 15 22 . 5 Melee . | . . . . Ram 1 | . . 1 . Kick 2 | . 2 . . Crush . | . . . . Escape Stasis . | . . . . Rewire . | . . . . Trap . | . . . . Miscellaneous . | . . . . Route ------- -11/Scrapyard -10/Materials -10/Mines -10/Subcaves History --------- Turn | Location | Event 2 | -11/Scrapyard | Met Revision 17 79 | -11/Scrapyard | Discovered new exit (range 8) 231 | -11/Scrapyard | Entered Materials 314 | -10/Materials | Build established: Mutant 383 | -10/Materials | Discovered new exit (range 11) 384 | -10/Materials | Core integrity fell below 50% 602 | -10/Materials | Entered Mines 614 | -10/Mines | Met a Derelict bent on vengeance 614 | -10/Mines | Found a damaged Exp. Sensor Array with a note attached 616 | -10/Mines | Found Prototype Device 618 | -10/Mines | Identified Exp. Sensor Array 627 | -10/Mines | Received a Mining Laser from a helpful Derelict 656 | -10/Mines | Received a Rocket Launcher from a helpful Derelict 660 | -10/Mines | Assembled infested the area 691 | -10/Mines | Learned location of Recycling (-9) 711 | -10/Mines | Discovered new exit (range 10) 718 | -10/Mines | Entered Subcaves 719 | -10/Subcaves | Approached by a straggling Scientist 835 | -10/Subcaves | Ambushed by Subdweller buried in earth 835 | -10/Subcaves | Destroyed by VF-COD(R) with Subdweller Beam Cannon Last Messages --------------- Subatomizers dissect the Lgt. Ion Engine. Dropped Lgt. Ion Engine. Subatomizers dissect the Lgt. Ion Engine. HN-TVV(c): "I think it's somewhere north of here" Subatomizers dissect the Lgt. Ion Engine. HN-TVV(c): "I think it's somewhere north of here" The unstable cave ceiling collapses. YF-KSN(R) destroyed. 5G-55G(R) destroyed. Lgt. Ion Engine destroyed. Destroyed Lgt. Ion Engine. Mining Laser destroyed. [Achievement: Overwhelming] Destroyed Mining Laser. Hover Unit destroyed. [Achievement: Do Not Disturb] Backup Propulsion I destroyed. [Achievement: First Step to Greatness] Map ----- +----------------------------------------------------+ | ?????????????????????????????????????????????????? | | ?????????????????????????????????????????????????? | | ?????????????????????????????????????????????????? | | ?????????????????????????????????????????????????? | | ?????????????????????????????????????????????????? | | ?????????????????????????????????????????????????? | | ?????????????????????????????????????????????????? | | ?????????????????????????????????????????????????? | | ?????????????????????????????????????????????????? | | ?????????????????????????????????????????????????? | | ?????????????????????????????????????????????????? | | ?????????????????????????????????????????????????? | | ?????????????????????????????????????????????????? | | ?????????????????????????????????????????????????? | | ???????????????????##????????????????????????????? | | ?????????????????### "???????????????????????????? | | ??????????????#### ???????????????????????????? | | ?????????????## "" ??????????????????????????? | | ???????????? ????? ??????????????#?????? | | ???????????? #????????????????#????????? | | ?????????????? ??????????????????#?????? | | ?????????????? " ????????????????????????? | | ????????????? ""R= *! ???????? ???????????????? | | ?????????????? " =! R ###?????????????????????? | | ??????????????????# #?????????#???????????? | | ??????????????????# @ #?????????????????????? | | ??????????????????## ##????####????????????? | | ???????????????????####R ##????## ##???????????? | | ??????????????????????## ##?????# ##?#????????? | | ??????????????#?????###c##?????## #?#????????? | | ????????????????????## ##????#?# #??????????? | | ???????????????????## ##????##?# #??????????? | | ??????????????????## ##????#???# ## #??????????? | | ??????????????????# ##???????#?## ## #?? ? ?????? | | ??????????????????# ##??#??????# ## ###?? ?????? | | ??????#???????????## #?????????## ## #?????????? | | ????????????????### ##???????#??# ## ##???? ????? | | ????????????????# ##?#????###### ## #???#??????? | | ????????????????# ##???????# ##?????????? | | ????????????????# ##??????## * ##????????? | | ???????????#????## ####???# #????????? | | ???????#????????# ###?### ! #????????? | | ???????????????# ##### ###### #???#????? | | ??????????????# ????### #?# # #????????? | | ????????????? #??????# ## ### ### ##????????? | | ???????????? ##???????### # #?# #?????????? | | ??????????? ????????????#### ####?# #?????????? | | ??????????#?????????????#?#%##????## ##?????#???? | | ????????????????????????? ##??????# ??????????? | | ????????????????????????# #???????? ##?????????? | +----------------------------------------------------+ Best States ------------- Heat Dissipation 25 Energy Generation 10 Energy Capacity 125 Matter Stores 300 Matter Capacity 300 Sight Range 16 Robot Scan Range 20 Terrain Scan Range 14 Terrain Scan Density 10 Core Shielding 20 Evasion (%) 55 Item Schematics ----------------- None Robot Schematics ------------------ None Fabricated ------------ Nothing Repaired ---------- Nothing Studied --------- None Alien Tech Used ----------------- None Achievements -------------- Do Not Disturb First Step to Greatness Fitting Room For Emergencies Only Organ Harvest Overwhelming Risk Taker Storm Trooper Challenges ------------ None Game ------ Seed ReflexOpticalAmplifier Manual? 0 Play Time 00:26:51 Cumulative 0.4 hours Start 2026.01.31 @ 19:13:52 End 2026.01.31 @ 19:41:40 Sessions 1 Manual Loads 0 Difficulty Rogue Special Mode None Game No. 1 Rogue 1 Adventurer 0 Explorer 0 Win Type - Total 0 Types 0/0/0/0/0/0/0/0/0/0 Lore% 0 Gallery% 1 Achievement% 1 Wizard Run 0 Options --------- Layout 1 ASCII 0 Keyboard 0 Movement Numpad Keybinds 0 Fullscreen 2 Font 24/Terminus Map View 50x35 Zoom Use 0% Tactical HUD 0 Map Filters NONE Filters NONE Steam 0 RUN: be234929-8d7f-4ccd-abad-7a828333c7dc